AoeStats
← TheQuietRiot

Arabia

503150500Analyzed
1v1 RM · 1mo ago on Aug 30, 2026· 78m 15s· 2 players
Game mode
Random Map
Map size
Tiny (2 player)
Population
200
Speed
Normal
Resources
Standard
Victory
Conquest
Starting age
Dark Age
Ending age
Imperial Age
RankedLock teamsTeams togetherTeam positionsShared explorationLock speedFull tech treeHidden civsTurbo modeCheats
Victory
Defeat
🇬🇧 Britons · United Kingdom
901
+15
🇮🇹 Slavs · Italy
890
-15
verbumdei76
11:35 Feudal Age
9:52 Loom
13:02 Man-at-Arms
17:24 Double-Bit Axe
19:43 Fletching
21:39 Horse Collar
26:09 Padded Archer Armor
29:48 Castle Age
29:30 Scale Mail Armor
30:02 Crossbowman
35:22 Wheelbarrow
34:38 Town Watch
37:56 Bloodlines
37:52 Scale Barding Armor
37:58 Forging
40:23 Iron Casting
45:37 Pikeman
51:55 Bodkin Arrow
54:12 Hand Cart
54:34 Leather Archer Armor
53:50 Elite Skirmisher
57:08 Imperial Age
55:29 Bow Saw
56:53 Heavy Plow
57:26 Chain Barding Armor
57:43 Husbandry
58:01 Chain Mail Armor
57:29 Cavalier
58:45 Ring Archer Armor
58:45 Ballistics
60:10 Sanctity
62:37 Plate Barding Armor
62:10 Capped Ram
63:33 Light Cavalry
63:45 Siege Ram
73:06 Town Patrol
76:12 Two-Man Saw
TheQuietRiot
8:04 Loom
10:54 Feudal Age
13:00 Double-Bit Axe
15:58 Fletching
16:12 Horse Collar
17:15 Wheelbarrow
21:33 Forging
21:44 Gold Mining
21:45 Stone Mining
29:04 Castle Age
31:56 Hand Cart
31:53 Bow Saw
32:39 Gold Shaft Mining
31:55 Light Cavalry
32:37 Husbandry
33:02 Bodkin Arrow
33:43 Iron Casting
33:18 Town Watch
35:11 Yeomen
36:50 Padded Archer Armor
43:55 Scale Mail Armor
48:06 Heavy Plow
51:17 Town Patrol
54:37 Imperial Age
52:13 Town Patrol
53:00 Leather Archer Armor
52:54 Murder Holes
55:25 Pikeman
55:26 Man-at-Arms
55:54 Gambesons
56:10 Squires
55:57 Arson
56:54 Elite Longbowman
58:10 Conscription
59:16 Bracer
59:48 Ring Archer Armor
60:19 Blast Furnace
59:35 Chain Mail Armor
58:43 Long Swordsman
60:55 Hoardings
60:17 Two-Handed Swordsman
62:34 Ballistics
63:15 Chemistry
63:32 Masonry
63:04 Treadmill Crane
63:18 Heated Shot
66:27 Champion
68:46 Warwolf
Connection lost

Rejoining the realm…

Still unreachable

The connection could not be restored.

Session expired

The server has moved on; the page needs a fresh start.